 Dungeon Crawl Stone Soup version 0.20.1-1-g8b1a95d (webtiles) character file.

74 Gargoyl the Skirmisher (level 4, 0/61 HPs)
             Began as a Minotaur Abyssal Knight on Oct 9, 2017.
             Was a Follower of Lugonu.
             Slain by Grinder (5 damage)
             ... on level 3 of the Dungeon.
             The game lasted 00:02:57 (1258 turns).

Gargoyl the Skirmisher (Minotaur Abyssal Knight)    Turns: 1258, Time: 00:02:57

Health: 0/61       AC: 22    Str: 16    XL:     4   Next: 9%
Magic:  4/4        EV:  2    Int:  9    God:    Lugonu [*.....]
Gold:   158        SH: 11    Dex: 11    Spells: 3/3 levels left

rFire    . . .     SeeInvis .   a - +1 hand axe
rCold    . . .     Gourm    .   i - +0 large shield (curse)
rNeg     + + +     Faith    .   (armour currently unavailable)
rPois    +         Spirit   .   (helmet currently unavailable)
rElec    .         Reflect  .   (cloak currently unavailable)
rCorr    .         Harm     .   (gloves currently unavailable)
MR       .....     NoTele   +   (boots currently unavailable)
Stlth    +.........             (no amulet)
Regen    0.2/turn               (no ring)
MPRegen  0.1/turn               (no ring)

@: tree-form
A: (retaliatory headbutt)
a: Depart the Abyss, Renounce Religion


You were on level 3 of the Dungeon.
You worshipped Lugonu.
Lugonu was aware of your devotion.
You were not hungry.
You were a tree.
You visited 1 branch of the dungeon, and saw 4 of its levels.
You visited the Abyss 1 time.

You collected 158 gold pieces.

Inventory:

Hand Weapons
 a - a +1 hand axe (weapon)
Armour
 b - a +0 leather armour
 g - a +0 plate armour (melded)
 i - a cursed +0 large shield (worn)
Wands
 e - a wand of enslavement (13/24)
 f - a wand of paralysis (9/24)
Scrolls
 h - a scroll of remove curse {unknown}
 k - a scroll of fear {unknown}
 l - a scroll of fog {unknown}
 n - a scroll of identify
 p - a scroll of immolation {unknown}
 s - a scroll of enchant weapon {unknown}
Potions
 q - a potion of lignification
Comestibles
 c - 3 bread rations
 d - 2 meat rations
 m - 3 fruits
 r - 2 royal jellies


   Skills:
 + Level 4.5 Fighting
 + Level 2.9 Axes
 * Level 3.3 Armour
 + Level 1.1 Dodging
 + Level 1.0 Shields
 * Level 2.4 Invocations


You had 3 spell levels left.
You didn't know any spells.

Dungeon Overview and Level Annotations

Branches:
Dungeon (4/15)
 Temple: D:4-7

Altars:

Annotations:
D:3 Grinder


Innate Abilities, Weirdness & Mutations

((You reflexively headbutt those who attack you in melee.))
((You have a pair of horns on your head.))


Message History

The gnoll hits you but does no damage. You block the gnoll's attack.
You block Grinder's attack.
You closely miss Grinder.
Grinder is lightly wounded.
You hit the gnoll. You block the gnoll's attack. Grinder hits you.
* * * LOW HITPOINT WARNING * * *
The gnoll hits you but does no damage.
Unknown command.
Okay, then.
As you read the scroll labeled PEXTU XIFU, it crumbles to dust.
It is a scroll of identify.
e - a wand of enslavement (14/24)
You block the gnoll's attack. Grinder hits you but does no damage.
The gnoll hits you but does no damage.
Aiming: Enslavement
Press: ? - help, Shift-Dir - straight line, f - gnoll
Aim: a gnoll, wielding a club (almost dead, chance to defeat MR: 54%)
The gnoll is charmed.
This wand has 13 charges left.
The gnoll hits you but does no damage. Grinder hits you.
You die...

###########
#.........#
#.........#
###........?#
#.$.[>5.....#
#...#...g♣....#
# #.%g†)....#
#.........#
#####.##### #.#
#.# #.# #.#


You could see Grinder, a gnoll and a friendly gnoll.

Vanquished Creatures
  A gnoll (D:3)
  2 adders
  An ooze (D:2)
  2 dart slugs
  2 leopard geckos (D:1)
  2 bats (D:1)
  3 giant cockroaches
  3 goblins
  5 hobgoblins
  6 jackals (D:1)
  2 kobolds (D:1)
  5 rats
34 creatures vanquished.

Notes
Turn   | Place    | Note
-------+----------+-------------------------------------------
     0 | Abyss:1  | Gargoyl the Minotaur Abyssal Knight began the quest for the Orb.
     0 | Abyss:1  | Reached XP level 1. HP: 19/19 MP: 1/1
    45 | Abyss:3  | Noticed a starcursed mass
    48 | D:1      | Escaped the Abyss
   182 | D:1      | Reached skill level 4 in Fighting
   242 | D:1      | Reached XP level 2. HP: 27/27 MP: 2/2
   258 | D:1      | Reached * piety under Lugonu
   665 | D:1      | Reached XP level 3. HP: 32/33 MP: 3/3
  1154 | D:2      | You fall through a shaft for 2 floors!
  1243 | D:3      | Noticed Grinder
  1252 | D:3      | Reached skill level 1 in Shields
  1252 | D:3      | Reached XP level 4. HP: 6/41 MP: 4/4
  1252 | D:3      | HP: 1/41 [gnoll/spear (5)]
  1258 | D:3      | Slain by Grinder

Skill      XL: |  1  2  3 |
---------------+----------+-----
Fighting       | 4 |  4.5
Invocations    | 2 |  2.4
Armour         | 3 |  3.3
Shields        | 1 |  1.0
Axes           | |  2.9
Dodging        | |  1.1

Action                   |  1- 3 |  4- 6 || total
-------------------------+-------+-------++-------
Melee: Hand axe          |   113 |     1 ||   114
       Headbutt          |    15 |       ||    15
Invok: Depart the Abyss  |     1 |       ||     1
Evoke: Wand              |       |     1 ||     1
  Use: Potion            |       |     3 ||     3
       Scroll            |       |     1 ||     1
  Eat: Chunk             |     1 |       ||     1
Armor: Plate armour      |   102 |     1 ||   103
       Skin              |       |     7 ||     7
Dodge: Dodged            |    11 |       ||    11
Block: Large shield      |    69 |     9 ||    78
